 Dungeon Crawl Stone Soup version 0.18-a0-937-g1af3f5e (webtiles) character file.

2 MackTheKnife the Stinger (level 1, -2/15 HPs)
             Began as a Formicid Wanderer on Dec 28, 2015.
             Slain by a kobold
             ... wielding a +0 short sword
              (3 damage)
             ... on level 1 of the Dungeon.
             The game lasted 00:00:40 (186 turns).

MackTheKnife the Stinger (Formicid Wanderer)         Turns: 186, Time: 00:00:40

Health: -2/15      AC:  5    Str: 18    XL:     1   Next: 33%
Magic:  2/2        EV: 10    Int: 10    God:
Gold:   2          SH:  0    Dex:  9    Spells: 0 memorised, 2 levels left

rFire  . . .     SeeInvis +     (no weapon)
rCold  . . .     Gourm    .     c - +0 ring mail
rNeg   . . .     Faith    .     (no shield)
rPois  .         Spirit   .     (helmet unavailable)
rElec  .         Dismiss  .     (no cloak)
rCorr  .         Reflect  .     (no gloves)
SustAt .         Harm     .     (no boots)
MR     .....                    (no amulet)
Stlth  +.........               (no ring)
                                (no ring)

@: not resistant to hostile enchantments, very unstealthy
A: permanent stasis, dig shafts and tunnels, four strong arms, antennae 3
a: Dig, Shaft Self


You were on level 1 of the Dungeon.
You were not hungry.

You visited 1 branch of the dungeon, and saw 1 of its levels.

You collected 2 gold pieces.

Inventory:

Hand Weapons
 a - a +2 hand crossbow
Missiles
 b - 26 bolts
Armour
 c - a +0 ring mail (worn)
Jewellery
 e - an uncursed ring of protection from magic {unknown}
   (You found it on level 1 of the Dungeon)
Potions
 g - a potion of cancellation {unknown}
 h - a potion of lignification {unknown}
Books
 d - the Volume of Toxins

   Spells                             Type                      Level
   a - Sting                          Conjuration/Poison           1
   b - Cure Poison                    Poison                       2
Comestibles
 f - a bread ration {@e1}


   Skills:
 + Level 1.4 Fighting
 - Level 2.0 Crossbows
 - Level 1.0 Throwing
 - Level 1.2 Stealth
 - Level 1.1 Spellcasting
   Level 1.2 Earth Magic
   Level 4.0 Poison Magic


You had 2 spell levels left.
You didn't know any spells.

Dungeon Overview and Level Annotations

Branches:
Dungeon (1/15)

Altars:


Innate Abilities, Weirdness & Mutations

You are under a permanent stasis effect.
You can dig through walls and to a lower floor.
Your four strong arms can wield two-handed weapons with a shield.
You have a pair of large antennae on your head (SInv).


Message History

Welcome, MackTheKnife the Formicid Wanderer.
The bosom of this dungeon contains the fabled artefact, the Orb of Zot.
Found 26 stones.
Found a staircase leading out of the dungeon.
Wield which item (- for none, * to show all)? (? for menu, Esc to quit)
Okay, then.
You see here 26 stones.
You open the door.
There is an open door here.
Wield which item (- for none, * to show all)? (? for menu, Esc to quit)
You are now empty-handed.
A rat comes into view.
The rat bites you.
You take 1 damage, and have 14/15 hp.
You closely miss the rat. The rat bites you but does no damage.
You hit the rat.
You kill the rat!
You see here a rat corpse.
e - an encrusted ruby ring Health restored: 15 You sense a monster nearby.
Found a stone staircase leading down.
No target in view!
A kobold comes into view.
The kobold shouts!
You see here a green potion.
A kobold is nearby!
A kobold is nearby!
A kobold is nearby!
A kobold is nearby!
g - a green potion You hit the kobold but do no damage.
The kobold closely misses you.
You closely miss the kobold. The kobold hits you.
You take 4 damage, and have 11/15 hp.
MASSIVE DAMAGE!!
You barely miss the kobold. The kobold closely misses you.
You barely miss the kobold. The kobold hits you.
You hit the kobold. The kobold hits you but does no damage.
You hit the kobold but do no damage. The kobold barely misses you.
You hit the kobold. The kobold misses you.
You barely miss the kobold. The kobold hits you but does no damage.
You hit the kobold but do no damage. The kobold hits you but does no damage.
You hit the kobold. The kobold closely misses you.
You hit the kobold but do no damage. The kobold closely misses you.
You hit the kobold.
You kill the kobold!
h - a fuming amethyst potion You start resting.
Health restored: 15 You now have 2 gold pieces.
A kobold comes into view. It is wielding a short sword.
The kobold shouts!
A kobold is nearby!
A kobold is nearby!
A kobold is nearby!
Wield which item (- for none, * to show all)? (? for menu, Esc to quit)
a - a +2 hand crossbow (weapon)
Aim: a kobold, wielding a short sword You shoot a bolt.
The bolt hits the kobold but does no damage.
Wield which item (- for none, * to show all)? (? for menu, Esc to quit)
Okay, then.
Aim: a kobold, wielding a short sword You shoot a bolt.
The bolt closely misses the kobold.
Wield which item (- for none, * to show all)? (? for menu, Esc to quit)
You are now empty-handed.
You hit the kobold. The kobold hits you with a short sword.
You hit the kobold but do no damage. The kobold hits you with a short sword.
You take 6 damage, and have 9/15 hp.
MASSIVE DAMAGE!!
You miss the kobold. The kobold completely misses you.
Your ring mail prevents you from hitting the kobold.
The kobold hits you with a short sword.
You hit the kobold but do no damage. The kobold hits you but does no damage.
You hit the kobold. The kobold hits you with a short sword.
* * * LOW HITPOINT WARNING * * *
You take 5 damage, and have 4/15 hp.
MASSIVE DAMAGE!!
You hit the kobold but do no damage. The kobold hits you but does no damage.
You hit the kobold but do no damage. The kobold hits you with a short sword.
* * * LOW HITPOINT WARNING * * *
You take 3 damage, and have 1/15 hp.
You hit the kobold but do no damage. The kobold hits you with a short sword.
You die...

##.##.# #####.#.#.##
.....###...#
#####.#.#..########
.......#.#.........
########.....#####
.........###.[...#######
..######.# #............
.## #.###.###@......? ##
#.....# #K....... #
####### #(....... #
#........ # #..(.....
#........ #........
...##.###


You could see a kobold.

Vanquished Creatures
  A kobold (D:1)
  A rat (D:1)
2 creatures vanquished.

Notes
Turn   | Place    | Note
--------------------------------------------------------------
     0 | D:1      | MackTheKnife the Formicid Wanderer began the quest for the Orb.
     0 | D:1      | MackTheKnife set off with: a +2 hand crossbow, 28 bolts, a +0 ring mail, the Volume of Toxins, a bread ration {@e1}
     0 | D:1      | Reached XP level 1. HP: 15/15 MP: 2/2
   185 | D:1      | HP: 1/15 [kobold/short sword (3)]
   186 | D:1      | Slain by a kobold

Vault maps used:
D:1:      dpeg_arrival_rooms_a, minmay_crystal_room

Action                   || total
-------------------------++-------
Melee: Unarmed           ||    23
 Fire: Hand crossbow     ||     2

Vault maps used:
D:1:      dpeg_arrival_rooms_a, minmay_crystal_room

Table legend:
 A = Turns spent in this place as a percentage of turns spent in the entire game.
 B = Non-inter-level travel turns spent in this place as a percentage of non-inter-level travel turns spent in the entire game.
 C = Inter-level travel turns spent in this place as a percentage of turns spent in this place.
 D = Turns resting spent in this place as a percentage of non-inter-level travel turns spent in this place.
 E = Turns spent auto-exploring this place as a percentage of non-inter-level travel turns spent in this place.
 F = Non-inter-level travel turns spent in this place divided by the number of levels of this place that you've seen.
                   A       B       C       D       E      F
               +-------+-------+-------+-------+-------+----------------------
         Total | 100.0 | 100.0 |   0.0 |   3.3 |   8.2 |  61.0
       Dungeon | 100.0 | 100.0 |   0.0 |   3.3 |   8.2 |  61.0
               +-------+-------+-------+-------+-------+----------------------

Table legend:
 A = Kills in this place as a percentage of kills in entire the game.
 B = Kills by you in this place as a percentage of kills by you in the entire game.
 C = Kills by friends in this place as a percentage of kills by friends in the entire game.
 D = Other kills in this place as a percentage of other kills in the entire game.
 E = Experience gained in this place as a percentage of experience gained in the entire game.
 F = Experience gained in this place divided by the number of levels of this place that you have seen.
                   A       B       C       D       E      F
               +-------+-------+-------+-------+-------+----------------------
         Total | 100.0 | 100.0 |  -nan |  -nan | 100.0 |   3.0
       Dungeon | 100.0 | 100.0 |  -nan |  -nan | 100.0 |   3.0
               +-------+-------+-------+-------+-------+----------------------
